cohdb
Replays
Latest Replays
All Replays
Popular Replays
Top Player Replays
Match Explorer
How It Works
Community
CoH3 Stats
Reddit
Sign in to upload your games and track your stats! →
Sign in with Steam
Match 39502573
Unlisted
Match 39502573
Overview
Messages
Build Orders
End
Panzergrenadier Squad
Selects Panzerjäger Kommand Battlegroup
Selects Blockade Equipment
250 Light Carrier
Panzergrenadier Squad
Construct Light Support Kompanie
Panzerjäger Squad
Selects Tank Busters
MG34 Team
Construct Mechanized Kompanie
Veteran Squad Leaders
2.5-tonne Medical Truck
Selects Crew Shock Tactics
254 Reconnaissance Tractor
Nuclear Viking
Standard Grenadier
Stallone da rimorchio italiano
Pawn
Vadice
CitizenKane
0
0
Comments
sign in to comment!
No comments posted yet!